 Dungeon Crawl Stone Soup version 0.26-a0-812-g31a745ddcd (webtiles) character file.

Game seed: 7786079336722487879

5442 tilp the Grappler (level 10, -2/98 HPs)
             Began as an Ogre Transmuter on Dec 9, 2020.
             Was an Initiate of Gozag.
             Slain by an orc warrior
             ... wielding a cursed +0 glaive
              (23 damage)
             ... in a bailey.
             The game lasted 00:27:12 (16983 turns).

tilp the Grappler (Ogre Transmuter)                Turns: 16983, Time: 00:27:13

Health: -2/98      AC:  6    Str: 16    XL:     10   Next: 68%
Magic:  0/16       EV: 11    Int: 17    God:    Gozag
Gold:   1046       SH:  0    Dex:  9    Spells: 2/17 levels left

rFire    . . .     SeeInvis .     - Unarmed
rCold    . . .     Faith    .   (no shield)
rNeg     + . .     Spirit   +   a - +0 robe
rPois    .         Reflect  .   (helmet currently unavailable)
rElec    .         Harm     .   s - +2 cloak
rCorr    .         Rampage  .   (gloves unavailable)
MR       +....                  (boots unavailable)
Stlth    +++.......             F - amulet of guardian spirit
HPRegen  0.26/turn              x - ring of stealth
MPRegen  0.15/turn              y - ring of positive energy

@: appendages (expiring), wereblooded, gold aura, studying Throwing
A: large, unfitting armour, horns 2, talons 2, tough skin 1
a: End Transformation, Potion Petition, Call Merchant, Bribe Branch, Renounce
Religion


You were in a bailey.
You worshipped Gozag.
Gozag was most pleased with you.
You had grown temporary horns.
You had grown temporary talons.
You visited 1 branch of the dungeon, and saw 9 of its levels.
You also visited: Ossuary and Bailey.

You collected 2432 gold pieces.
You paid 1386 gold pieces to Gozag.

Inventory:

Missiles
 b - 339 stones
 u - 13 boomerangs
 v - 13 poisoned darts (quivered)
Armour
 a - a +0 robe (worn)
 s - a +2 cloak (worn)
 E - a +0 hat of intelligence (melded)
Jewellery
 f - an uncursed amulet of the acrobat
 t - an uncursed amulet of regeneration {unknown}
 w - an uncursed ring of positive energy
 x - a ring of stealth (left hand)
 y - a ring of positive energy (right hand)
 F - an amulet of guardian spirit (around neck)
Wands
 g - a wand of enslavement (5)
Scrolls
 h - a scroll of fear
 i - a scroll of amnesia
 k - 3 scrolls of immolation
 l - 2 scrolls of blinking
 o - 6 scrolls of remove curse
 q - 3 scrolls of teleportation
Potions
 d - 3 potions of attraction
 e - 3 potions of brilliance
 j - a potion of heal wounds
 m - 4 potions of flight
 n - a potion of ambrosia {unknown}
 p - 2 potions of might
 z - 2 potions of lignification {unknown}
 A - 2 potions of haste {unknown}
 C - 3 potions of curing
 D - a potion of cancellation {unknown}
Books
 r - a manual of Throwing


   Skills:
 - Level 6.0 Fighting
 + Level 4.3 Throwing
 - Level 4.0 Dodging
 - Level 2.0 Stealth
 + Level 10.3 Unarmed Combat
 - Level 4.0 Spellcasting
 + Level 6.6 Transmutations
 - Level 2.0 Ice Magic
 - Level 2.0 Poison Magic


You had 2 spell levels left.
You knew the following spells:

 Your Spells              Type           Power        Failure   Level
a - Beastly Appendage     Tmut           ####..       1%          1
b - Wereblood             Tmut           ####....     1%          2
c - Spider Form           Tmut/Pois      ###.......   8%          3
d - Ice Form              Ice/Tmut       ###.....     26%         4
e - Blade Hands           Tmut           ####......   28%         5

Your spell library contained the following spells:

 Spells                   Type           Power        Failure   Level


Dungeon Overview and Level Annotations

Branches:
Dungeon (9/15)             Temple (0/1) D:5         Ossuary (visited)
 Bailey (1/1)
   Lair: D:8-11         Orc: D:9-12

Altars:
Ashenzari
Fedhas
Gozag
Nemelex Xobeh
Okawaru
Sif Muna

Shops:
D:4 [

Annotations:
D:3 exclusions: orc wizard and 1 more exclusion
D:6 Dowan, Duvessa
D:8 exclusions: deep elf mage, hound and worker ant


Innate Abilities, Weirdness & Mutations

You are too large for most types of armour.
You have tough skin. (AC +1)
You have a pair of horns on your head.
You have razor-sharp toenails.


Message History

The orc shouts!
You pummel the orc warrior!! You claw the orc warrior.
The orc warrior is almost dead.
The orc barely misses you.
The orc warrior hits you with a +0 trident!!
The orc closely misses you.
The orc warrior hits you with a cursed +0 glaive!!
* * * LOW HITPOINT WARNING * * *
The orc closely misses you.
You are too injured to fight recklessly!
You are too injured to fight recklessly!
Unknown command.
You hit the orc warrior. You claw the orc warrior.
You kill the orc warrior!
The orc hits you from afar with a +0 trident!
* * * LOW HITPOINT WARNING * * *
The orc closely misses you.
The orc warrior hits you with a cursed +0 glaive!!
You die...
Your body crumbles into a pile of gold.

##.....##
#.......#
#.......#
#.......#
#...o...#
#..ooo..#
#.o$o.#
##@##
#.$.#
#...#
#...#
#...#
###'###
##.....##
#.......#
#.......#


You could see an orc warrior and 5 orcs.

Vanquished Creatures
  3 water moccasins
  2 orc warriors (Bailey)
  4 sky beasts
  An ice beast (D:7)
  A necrophage (D:7)
  5 ogres
  3 centaurs
  A big kobold (D:7)
  2 wyvern zombies
  5 bullfrogs
  3 elf skeletons (D:5)
  A scorpion (D:3)
  18 killer bees
  2 howler monkeys (D:4)
  6 wights (D:7)
  4 bullfrog zombies
  3 jellies
  5 hounds
  3 centaur skeletons
  3 centaur zombies (Ossuary)
  4 orc priests
  5 orc wizards
  An iguana (D:5)
  21 mummies (Ossuary)
  5 worker ants
  A human skeleton (D:5)
  3 howler monkey zombies
  2 worker ant zombies (Ossuary)
  2 howler monkey skeletons
  10 adders
  3 shadow imps (D:5)
  A white imp (D:8)
  5 ufetubi
  6 worms
  4 dart slugs
  3 leopard geckos
  51 orcs
  6 giant cockroaches
  10 goblins
  13 hobgoblins
  7 jackals
  6 quokkas
  A ball python (D:2)
  8 bats
  7 frilled lizards
  2 giant cockroach zombies
  A jackal skeleton (D:6)
  18 kobolds
  A leopard gecko zombie (D:5)
  2 orc zombies (D:5)
  A quokka skeleton (D:5)
  A quokka zombie (D:5)
  8 rats
294 creatures vanquished.

Vanquished Creatures (collateral kills)
  A hound (D:4)
1 creature vanquished.

Vanquished Creatures (others)
  A killer bee (D:9)
  3 plants (D:4)
  5 withered plants (Ossuary)
9 creatures vanquished.

Grand Total: 304 creatures vanquished

Notes
Turn   | Place    | Note
-------+----------+-------------------------------------------
     0 | D:1      | tilp the Ogre Transmuter began the quest for the Orb.
     0 | D:1      | Reached XP level 1. HP: 19/19 MP: 3/3
   412 | D:1      | Reached XP level 2. HP: 25/28 MP: 5/5
   549 | D:1      | Learned a level 2 spell: Wereblood
   648 | D:1      | Reached skill level 3 in Unarmed Combat
  1410 | D:2      | Found an opulent altar of Gozag.
  1429 | D:2      | Reached XP level 3. HP: 19/35 MP: 4/6
  1681 | D:2      | Became a worshipper of Gozag Ym Sagoz the Greedy
  2385 | D:2      | Reached skill level 4 in Unarmed Combat
  2392 | D:2      | Reached XP level 4. HP: 28/42 MP: 4/7
  2399 | D:2      | Learned a level 3 spell: Spider Form
  2495 | D:2      | Noticed an ogre
  2543 | D:2      | Killed an ogre
  2543 | D:2      | Reached skill level 1 in Stealth
  2543 | D:2      | Reached XP level 5. HP: 32/49 MP: 4/8
  3328 | D:2      | Found a faded altar of an unknown god.
  4137 | D:3      | Reached XP level 6. HP: 26/57 MP: 9/9
  4532 | D:3      | Found a broken altar of Ashenzari.
  4543 | D:3      | Found a sparkling altar of Nemelex Xobeh.
  4615 | D:3      | Found a shimmering blue altar of Sif Muna.
  5186 | D:4      | Found a blossoming altar of Fedhas.
  5563 | D:4      | Reached skill level 5 in Unarmed Combat
  6006 | D:4      | Found Rolurel's Armour Emporium.
  6108 | D:5      | Entered Level 5 of the Dungeon
  6118 | D:4      | Reached XP level 7. HP: 53/65 MP: 8/10
  6354 | D:5      | Reached skill level 6 in Unarmed Combat
  6428 | D:5      | Found a sand-covered staircase.
  6438 | Ossuary  | Entered an ossuary
  6747 | Ossuary  | Reached XP level 8. HP: 49/78 MP: 9/11
  6809 | Ossuary  | Reached skill level 7 in Unarmed Combat
  6814 | Ossuary  | HP: 1/78 [mummy (9)]
  7509 | Ossuary  | Reached skill level 8 in Unarmed Combat
  7730 | D:5      | Learned a level 4 spell: Ice Form
  8222 | D:5      | Found an opulent altar of Gozag.
  8502 | D:5      | HP: 3/78 [poisoned by a water moccasin]
  8509 | D:5      | HP: 3/78 [poisoned by a water moccasin]
  8517 | D:4      | HP: 3/78 [poisoned by a water moccasin]
  8943 | D:5      | Reached XP level 9. HP: 80/84 MP: 12/14
  9000 | D:5      | Reached skill level 5 in Transmutations
  9239 | D:5      | Found a staircase to the Ecumenical Temple.
  9940 | D:6      | Found an iron altar of Okawaru.
 10103 | D:6      | Noticed Duvessa
 10138 | D:6      | Noticed Dowan
 10909 | D:4      | Learned a level 5 spell: Blade Hands
 11214 | D:5      | Reached skill level 9 in Unarmed Combat
 11229 | D:5      | HP: 4/84 [poisoned by a water moccasin]
 11234 | D:5      | HP: 3/84 [poisoned by a water moccasin]
 11240 | D:5      | HP: 1/84 [poisoned by a water moccasin]
 11248 | D:5      | HP: 1/84 [poisoned by a water moccasin]
 11256 | D:5      | HP: 1/84 [poisoned by a water moccasin]
 12597 | D:7      | Reached skill level 10 in Unarmed Combat
 12617 | D:7      | Reached skill level 1 in Poison Magic
 12979 | D:7      | Reached XP level 10. HP: 15/94 MP: 3/16
 12982 | D:7      | HP: 4/94 [ogre/+0 giant club (12)]
 12983 | D:7      | Reached skill level 5 in Fighting
 14672 | D:8      | Reached skill level 1 in Throwing
 15307 | D:8      | Reached skill level 1 in Ice Magic
 15717 | D:8      | Noticed a deep elf mage
 16470 | D:9      | Found a flagged portal.
 16479 | Bailey   | Entered a bailey
 16983 | Bailey   | Slain by an orc warrior

Illustrated notes

Levels and vault maps discovered:
D:1:      dpeg_arrival_tiny_i, layout_basic, corner_web_ring, interstate_on_off,
          st_stairs_3, minmay_hexomino_p4
D:2:      minmay_recursive_quarters, layout_rooms,
          chequers_ecumenical_altar_grove,
          nicolae_gozag_cash_rules_everything_around_me
D:3:      layout_basic, nemelex_xobeh_ov_fountains_minmay, led_sif_book,
          cheibrodos_ashenzari_chains
D:4:      layout_rooms, fedhas_ov_isle_minmay, serial_shops,
          kennysheep_little_box
D:5:      layout_cave_pods, lemuel_crystal_altar,
          minmay_temple_entry_from_below_a, nicolae_ossuary_entry_catacombs,
          minmay_misc_feat_secret_circle, nrook_pool_corridor,
          corexii_hall_statues_i
D:6:      layout_loops_corners, okawaru_trees_1, uniq_duvessa
D:7:      layout_basic, minmay_manual_mail
D:8:      layout_gridville, minmay_diamond_spiral
D:9:      layout_loops_ring, grunt_qazlal_sundering, enter_bailey_8, eino_jars
Bailey:   bailey_polearm_5, bailey

Skill      XL: |  1  2  3  4  5  6  7  8  9 10 |
---------------+-------------------------------+-----
Dodging        | 2 4 |  4.0
Transmutations | 2 3 4 6 |  6.6
Fighting       | 2 4 6 |  6.0
Unarmed Combat | 3 4 5 6 8 10 | 10.3
Stealth        | 1 2 |  2.0
Spellcasting   | 3 4 |  4.0
Poison Magic   | 1 2 |  2.0
Throwing       | 4 |  4.3
Ice Magic      | 2 |  2.0

Action                   |  1- 3 |  4- 6 |  7- 9 | 10-12 || total
-------------------------+-------+-------+-------+-------++-------
Melee: Unarmed           |   162 |   310 |   524 |   253 ||  1249
       Kick              |    14 |    18 |   115 |    36 ||   183
       Headbutt          |     4 |    12 |    77 |    17 ||   110
       Punch             |     1 |     3 |    14 |     9 ||    27
Throw: Stone             |     3 |     2 |     6 |       ||    11
       Dart              |       |       |    19 |     4 ||    23
 Cast: Beastly Appendage |     9 |    13 |    60 |    18 ||   100
       Wereblood         |     3 |     6 |     8 |     8 ||    25
Invok: Potion Petition   |       |       |     1 |     1 ||     2
Evoke: Wand              |       |       |       |     1 ||     1
  Use: Scroll            |     3 |     6 |    15 |     3 ||    27
       Potion            |       |       |     5 |     1 ||     6
 Stab: Sleeping          |       |     3 |     6 |     3 ||    12
       Distracted        |       |       |       |     2 ||     2
Armor: Robe              |    46 |    73 |    90 |    61 ||   270
Dodge: Dodged            |    93 |   191 |   223 |   170 ||   677

Table legend: (Time is in decaauts)
 A = Elapsed time spent in this place.
 B = Non-inter-level travel time spent in this place.
 C = Inter-level travel time spent in this place.
 D = Time resting spent in this place.
 E = Time spent auto-exploring this place.
 F = Levels seen in this place.
 G = Mean time per level.
                   A        B        C        D        E       F      G
               +--------+--------+--------+--------+--------+-----+--------+
         Total |  16881 |  16271 |    610 |   6938 |   6402 |  11 | 1534.6 |
       Dungeon |  15094 |  14484 |    610 |   5784 |   6197 |   9 | 1677.1 |
       Ossuary |   1288 |   1288 |      0 |    771 |    205 |   1 | 1288.0 |
        Bailey |    498 |    498 |      0 |    383 |      0 |   1 |  498.0 |
               +--------+--------+--------+--------+--------+-----+--------+

Top non-repeatable levels by time:
     D:5: 2469 daAuts
     D:7: 2173 daAuts
     D:2: 2040 daAuts
     D:4: 1943 daAuts
     D:8: 1800 daAuts
     D:3: 1569 daAuts
     D:6: 1416 daAuts
     D:1: 1373 daAuts
 Ossuary: 1288 daAuts
  Bailey: 498 daAuts
     D:9: 307 daAuts
